 Dungeon Crawl Stone Soup version 0.26.1-11-gd32895ea62 (webtiles) character file.

Game seed: 6625825320055394251

49 tizbic2 the Grasshopper (level 3, -1/31 HPs)
             Began as a Gnoll Warper on June 28, 2021.
             Was an Initiate of the Shining One.
             Slain by a gnoll
             ... wielding a +0 spear
              (9 damage)
             ... on level 2 of the Dungeon.
             The game lasted 00:06:23 (1611 turns).

tizbic2 the Grasshopper (Gnoll Warper)              Turns: 1611, Time: 00:06:25

Health: -1/31      AC:  3    Str: 14    XL:     3   Next: 77%
Magic:  9/9        EV: 13    Int: 15    God:    the Shining One [......]
Gold:   76         SH:  4    Dex: 14    Spells: 10/12 levels left

rFire    . . .     SeeInvis .   l - -3 hand axe (curse)
rCold    . . .     Faith    .   p - +0 buckler
rNeg     . . .     Spirit   .   b - +0 leather armour
rPois    .         Reflect  .   (no helmet)
rElec    .         Harm     .   (no cloak)
rCorr    .         Rampage  .   (no gloves)
Will     .....                  (no boots)
Stlth    +.........             (no amulet)
HPRegen  0.10/turn              (no ring)
MPRegen  0.11/turn              (no ring)

@: lethally poisoned (-1 -> -2), glowing
A: distributed training, fangs 1, strong nose
a: Renounce Religion


You were on level 2 of the Dungeon.
You worshipped the Shining One.
The Shining One was noncommittal.
You visited 1 branch of the dungeon, and saw 2 of its levels.

You collected 76 gold pieces.

Inventory:

Hand Weapons
 a - a +0 spear
 c - a +0 dagger
 j - a +0 hunting sling
 l - a cursed -3 hand axe (weapon)
 q - a cursed -2 long sword
Missiles
 e - 5 boomerangs of dispersal (quivered)
 k - 55 sling bullets
 n - 4 stones
Armour
 b - a +0 leather armour (worn)
 p - a +0 buckler (worn)
Scrolls
 d - a scroll of blinking
 f - a scroll of identify
 m - a scroll of enchant weapon
Potions
 g - a potion of heal wounds {unknown}
 h - 3 potions of curing
 i - a potion of degeneration {unknown}
 o - 2 potions of haste {unknown}


   Skills:
 + Level 4.5 Fighting
 + Level 0.9 Short Blades
 + Level 0.9 Long Blades
 + Level 0.9 Axes
 + Level 0.9 Maces & Flails
 + Level 4.5 Polearms
 + Level 0.9 Staves
 + Level 0.9 Slings
 + Level 0.9 Bows
 + Level 0.9 Crossbows
 + Level 2.6 Throwing
 + Level 2.6 Armour
 + Level 4.5 Dodging
 + Level 0.9 Stealth
 + Level 0.9 Shields
 + Level 0.9 Unarmed Combat
 + Level 5.0 Spellcasting
 + Level 0.6 Conjurations
 + Level 0.6 Hexes
 + Level 0.6 Summonings
 + Level 0.6 Necromancy
 + Level 5.4 Translocations
 + Level 0.6 Transmutations
 + Level 0.6 Fire Magic
 + Level 0.6 Ice Magic
 + Level 0.6 Air Magic
 + Level 0.6 Earth Magic
 + Level 0.6 Poison Magic
 + Level 1.0 Invocations
 + Level 0.9 Evocations


You had 10 spell levels left.
You knew the following spells:

 Your Spells              Type           Power        Failure   Level
a - Blink                 Tloc           N/A          4%          2

Your spell library contained the following spells:

 Spells                   Type           Power        Failure   Level
 Gell's Gravitas          Tloc           10%          10%         3
 Lesser Beckoning         Tloc           10%          10%         3
 Teleport Other           Tloc           20%          10%         3
 Passage of Golubria      Tloc           N/A          32%         4


Dungeon Overview and Level Annotations

Branches:
Dungeon (2/15)

Altars:
The Shining One


Innate Abilities, Weirdness & Mutations

Your experience applies equally to all skills.
You have very sharp teeth.
Your uncanny sense of smell can sniff out nearby items.


Message History

You closely miss the adder. You bite the adder.
The adder is moderately wounded.
You feel sick. The adder closely misses you.
The gnoll drinks a potion.
The gnoll flickers and vanishes!
Deactivating autopickup; reactivate with Ctrl-A.
You block the adder's attack.
You closely miss the adder.
The adder is moderately wounded.
The adder barely misses you. The gnoll closely misses you.
You block the adder's attack.
You hit the adder but do no damage.
The adder is moderately wounded.
You block the gnoll's attack. The adder bites you.
The gnoll hits you from afar with a +0 spear!
You hit the adder. You bite the adder.
The adder is heavily wounded.
You feel sick. You block the adder's attack. The adder bites you.
* * * LOW HITPOINT WARNING * * *
The gnoll hits you from afar with a +0 spear!
You die...

#### ...##
.g.. ..#
#########g.#
#.....@Sgg.#∆
#.######S..#
#.# #.......
#.# #..###...
#.# #..# ..
#.# #... .
#.# ##.## #.#
.# #.#


You could see 3 gnolls and 2 adders.

Vanquished Creatures
  An adder (D:2)
  An ooze (D:1)
  A dart slug (D:1)
  A leopard gecko (D:2)
  5 bats
  A giant cockroach (D:2)
  5 goblins
  3 hobgoblins
  3 jackals (D:2)
  3 kobolds
  3 frilled lizards (D:1)
  7 rats
34 creatures vanquished.

Vanquished Creatures (others)
  8 plants (D:2)
8 creatures vanquished.

Grand Total: 42 creatures vanquished

Notes
Turn   | Place    | Note
-------+----------+-------------------------------------------
     0 | D:1      | tizbic2 the Gnoll Warper began the quest for the Orb.
     0 | D:1      | Reached XP level 1. HP: 20/20 MP: 6/6
   128 | D:1      | Reached XP level 2. HP: 22/26 MP: 7/7
   864 | D:1      | Learned a level 2 spell: Blink
   880 | D:2      | Reached XP level 3. HP: 31/31 MP: 7/9
  1092 | D:2      | Reached skill level 5 in Spellcasting
  1241 | D:2      | Reached skill level 1 in Invocations
  1282 | D:2      | Found a glowing golden altar of the Shining One.
  1343 | D:2      | Became a worshipper of the Shining One
  1611 | D:2      | Slain by a gnoll

Illustrated notes

Levels and vault maps discovered:
D:1:      eino_arrival_druids_welcome, layout_basic
D:2:      layout_loops_ring, tso_metal_star, serial_forest,
          infiniplex_forest_zigzag_2, infiniplex_forest_corner_1,
          infiniplex_forest_straight_4, infiniplex_forest_straight_4,
          infiniplex_forest_clump_diagonal, infiniplex_forest_clump_medium,
          infiniplex_forest_clump_curved, minmay_misc_feat_tiny

Skill      XL: |  1  2  3 |
---------------+----------+-----
Spellcasting   | 5 |  5.0
Invocations    | 1 |  1.0
Fighting       | |  4.5
Short Blades   | |  0.9
Long Blades    | |  0.9
Axes           | |  0.9
Maces & Flails | |  0.9
Polearms       | |  4.5
Staves         | |  0.9
Slings         | |  0.9
Bows           | |  0.9
Crossbows      | |  0.9
Throwing       | |  2.6
Armour         | |  2.6
Dodging        | |  4.5
Stealth        | |  0.9
Shields        | |  0.9
Unarmed Combat | |  0.9
Conjurations   | |  0.6
Hexes          | |  0.6
Summonings     | |  0.6
Necromancy     | |  0.6
Translocations | |  5.4
Transmutations | |  0.6
Fire Magic     | |  0.6
Ice Magic      | |  0.6
Air Magic      | |  0.6
Earth Magic    | |  0.6
Poison Magic   | |  0.6
Evocations     | |  0.9

Action                   || total
-------------------------++-------
Melee: Spear             ||    47
       Bite              ||    11
       Hand axe          ||   120
       Dagger            ||    10
 Cast: Blink             ||     2
  Use: Scroll            ||     6
Armor: Leather armour    ||    56
Dodge: Dodged            ||   169
Block: Buckler           ||    15
